 Dungeon Crawl Stone Soup version 0.28.0-45-g0d030f2227 (webtiles) character file.

Game seed: 9732103427798946803

964 DuloT34 the Skirmisher (level 8, -4/61 HPs)
             Began as a Djinni Fire Elementalist on May 25, 2022.
             Was an Initiate of Makhleb.
             Slain by a gnoll shaman
             ... wielding a +0 club
              (6 damage)
             ... on level 5 of the Dungeon.
             The game lasted 00:11:44 (5779 turns).

DuloT34 the Skirmisher (Djinni Fire Elementalist)   Turns: 5779, Time: 00:11:45

Health: -4/61      AC:  2    Str:  7    XL:     8   Next: 38%
Gold:   110        EV: 12    Int: 18    God:    Makhleb [......] SH:  0 Dex: 15

rFire   + + .      SeeInvis .   c - +2 dagger (venom)
rCold   x . .      Faith    .   (no shield)
rNeg    . . .      Spirit   .   a - +0 robe
rPois   ∞          Reflect  .   (no helmet)
rElec   .          Harm     .   (no cloak)
rCorr   .          Rampage  .   (no gloves)
Will    .....                   (boots unavailable)
Stlth   +.........              (no amulet)
HPRegen 0.20/turn               (no ring)
MPRegen 0.00/turn               (no ring)

@: confused, lit by a corona, ambrosia-drunk, flying, glowing
A: sickness immunity, fire resistance 2, cold vulnerability 1, float, innate
caster, HP casting, extra vitality 1
a: Renounce Religion


You were on level 5 of the Dungeon.
You worshipped Makhleb.
Makhleb was noncommittal.
You visited 1 branch of the dungeon, and saw 5 of its levels.

You collected 110 gold pieces.

Inventory:

Hand Weapons
 b - a +0 dagger of holy wrath
 c - a +2 dagger of venom (weapon)
Armour
 a - a +0 robe (worn)
 q - a +0 buckler
Jewellery
 r - an amulet of magic regeneration
Wands
 j - a wand of polymorph (8)
Scrolls
 f - a scroll of immolation
 l - a scroll of teleportation {unknown}
 o - a scroll of enchant weapon {unknown}
Potions
 d - a potion of resistance {unknown}
 e - a potion of heal wounds {unknown}
 h - a potion of attraction {unknown}
 i - 2 potions of flight
 m - 2 potions of haste {unknown}
 p - 2 potions of invisibility {unknown}


   Skills:
 + Level 6.1 Fighting
 - Level 2.1 Dodging
 - Level 1.5 Stealth
 + Level 1.7 Shields
 + Level 5.3 Spellcasting


You couldn't memorise any spells.
You knew the following spells:

 Your Spells              Type           Power      Damage    Failure   Level
a - Foxfire               Conj/Fire      96%        2x1d8     1%          1
b - Scorch                Fire           48%        2d7       2%          2
c - Conjure Flame         Conj/Fire      24%        6-21      4%          3
d - Inner Flame           Hex/Fire       24%        N/A       4%          3
e - Flame Wave            Conj/Fire      24%        2d7       14%         4
f - Apportation           Tloc           48%        N/A       1%          1
g - Poisonous Vapours     Pois/Air       48%        N/A       2%          2
h - Call Canine Familiar  Summ           24%        N/A       4%          3
Your spell library was empty.

Dungeon Overview and Level Annotations

Branches:
Dungeon (5/15)             Temple (0/1) D:4

Altars:
Makhleb
Vehumet


Innate Abilities, Weirdness & Mutations

You are immune to sickness and miasma.
You are immune to poison.
Your flesh is very heat resistant. (rF++)
You are vulnerable to cold. (rC-)
You float through the air rather than walking.
You learn spells naturally, not from books.
Your magical power is your life essence.
You have superior vitality. (+4 MHP)


Message History

Confirm with . or Enter, or press ? or * to list all spells.
You conjure some foxfire!
* * * LOW HITPOINT WARNING * * *
The foxfire hits the gnoll shaman.
The gnoll shaman is moderately wounded.
Casting: Foxfire (safe; 1% risk of failure)
Confirm with . or Enter, or press ? or * to list all spells.
You conjure some foxfire!
* * * LOW HITPOINT WARNING * * *
The foxfire hits the gnoll shaman.
The gnoll shaman is heavily wounded.
The foxfire hits the gnoll shaman.
The gnoll shaman is heavily wounded.
The foxfire hits the gnoll shaman.
The gnoll shaman is severely wounded.
Casting: Foxfire (safe; 1% risk of failure)
Confirm with . or Enter, or press ? or * to list all spells.
You can't see any susceptible monsters within range! (Use Z to cast anyway.)
You are confused.
You feel invigorated.
The gnoll is no longer moving quickly.
The gnoll hits you from afar with a +0 halberd!
* * * LOW HITPOINT WARNING * * *
The gnoll hits you from afar with a +0 halberd.
* * * LOW HITPOINT WARNING * * *
The gnoll hits you from afar with a +0 halberd!
* * * LOW HITPOINT WARNING * * *
The gnoll barely misses you. The gnoll hits you with a +0 halberd!
* * * LOW HITPOINT WARNING * * *
The gnoll shaman prays to its god.
The gnoll shaman is healed somewhat.
You're too confused to cast spells.
Unknown command.
The gnoll hits you from afar with a +0 halberd!
* * * LOW HITPOINT WARNING * * *
You bump into the rock wall.
The gnoll closely misses you.
The gnoll hits you from afar with a +0 halberd.
* * * LOW HITPOINT WARNING * * *
The gnoll shaman hits you with a +0 club.
You die...

..# #.###)..... ..#
#..#....... ..#
##...##.... #.# ##.##
.... #.# #.# ..# #.#
#.# .. #.#######.###.#
########g.g....).....#
........@g.......#####
###############...#
....# ##...# ##.## #.#
.. ##


You could see a gnoll shaman and 2 gnolls.

Vanquished Creatures
  Sigmund (D:2)
  Menkaure (D:4)
  A centaur (D:5)
  An ogre (D:4)
  2 hounds (D:5)
  A jelly (D:4)
  Crazy Yiuf (D:3)
  An orc priest (D:4)
  A bullfrog skeleton (D:5)
  A centaur skeleton (D:4)
  Jessica (D:2)
  Ijyb (D:3)
  Terence (D:3)
  An orc wizard (D:4)
  A hound skeleton (D:4)
  5 gnolls
  7 adders
  2 worms (D:2)
  6 orcs
  3 ball pythons
  7 endoplasms
  6 giant cockroaches (D:2)
  9 goblins
  4 hobgoblins
  6 jackals (D:2)
  4 kobolds
  3 quokkas
  A bat (D:1)
  3 frilled lizards (D:2)
  4 rats
86 creatures vanquished.

Vanquished Creatures (collateral kills)
  An orc wizard (D:5)
1 creature vanquished.

Vanquished Creatures (others)
  234 foxfires
234 creatures vanquished.

Grand Total: 321 creatures vanquished

Notes
Turn   | Place    | Note
-------+----------+-------------------------------------------
     0 | D:1      | DuloT34 the Djinni Fire Elementalist began the quest for
                  | the Orb.
     0 | D:1      | Reached XP level 1. HP: 15/15 MP: 0/0
   478 | D:1      | Reached skill level 1 in Fighting
   478 | D:1      | Reached XP level 2. HP: 18/22 MP: 0/0
  1472 | D:1      | Reached XP level 3. HP: 25/27 MP: 0/0
  1472 | D:1      | Learned a level 1 spell: Apportation
  1536 | D:2      | Found a faded altar of an unknown god.
  1544 | D:2      | Noticed Jessica
  1549 | D:2      | Killed Jessica
  1550 | D:2      | Reached skill level 2 in Fighting
  1592 | D:2      | Reached XP level 4. HP: 29/33 MP: 0/0
  2264 | D:2      | Noticed Sigmund
  2280 | D:2      | Killed Sigmund
  2281 | D:2      | Reached skill level 3 in Fighting
  2281 | D:2      | Reached XP level 5. HP: 35/41 MP: 0/0
  2281 | D:2      | Learned a level 2 spell: Poisonous Vapours
  2281 | D:2      | Reached XP level 6. HP: 40/47 MP: 0/0
  3149 | D:3      | Reached skill level 4 in Fighting
  3267 | D:3      | Noticed Terence
  3282 | D:3      | Killed Terence
  3594 | D:3      | Noticed Ijyb
  3601 | D:3      | Killed Ijyb
  4105 | D:3      | Found a runed translucent door.
  4106 | D:3      | Noticed Crazy Yiuf
  4307 | D:3      | Killed Crazy Yiuf
  4500 | D:4      | Noticed an ogre
  4506 | D:4      | Killed an ogre
  4507 | D:4      | Reached XP level 7. HP: 45/53 MP: 0/0
  4507 | D:4      | Learned a level 3 spell: Call Canine Familiar
  4652 | D:4      | Reached skill level 5 in Fighting
  5307 | D:4      | Found a burning altar of Makhleb.
  5312 | D:4      | Became a worshipper of Makhleb the Destroyer
  5369 | D:4      | Noticed Menkaure
  5372 | D:4      | Killed Menkaure
  5373 | D:4      | Reached skill level 5 in Spellcasting
  5373 | D:4      | Reached XP level 8. HP: 49/61 MP: 0/0
  5500 | D:4      | Found a staircase to the Ecumenical Temple.
  5636 | D:5      | Entered Level 5 of the Dungeon
  5711 | D:5      | Reached skill level 1 in Shields
  5714 | D:5      | Reached skill level 6 in Fighting
  5778 | D:5      | HP: 1/61 [gnoll/+0 halberd (9)]
  5779 | D:5      | Slain by a gnoll shaman

Illustrated notes

Levels and vault maps discovered:
D:1:      psy_arrival_fountain, layout_basic
D:2:      layout_basic, shapermc_ecumenical_altar_starsandcircs,
          minmay_worlds_worst_comb, uniq_jessica, uniq_sigmund
D:3:      layout_basic, mainiacjoe_overflow_cross_hatched,
          minmay_misc_feat_secret_circle, uniq_terence, uniq_crazy_yiuf_cottage,
          uniq_ijyb
D:4:      layout_rooms, lightli_temple_of_fire, minmay_temple_entry_junction,
          uniq_menkaure
D:5:      layout_loops_ring, minmay_fractal_squares_5

Skill      XL: |  1  2  3  4  5  6  7  8 |
---------------+-------------------------+-----
Fighting       | 1 2 3 4 5 6 |  6.1
Spellcasting   | 3 4 5 |  5.3
Shields        | 1 |  1.7
Dodging        | |  2.1
Stealth        | |  1.5

Action                   |  1- 3 |  4- 6 |  7- 9 || total
-------------------------+-------+-------+-------++-------
Melee: Dagger            |     2 |     1 |     1 ||     4
       Unarmed           |     1 |       |       ||     1
 Cast: Foxfire           |    38 |    58 |    61 ||   157
       Scorch            |     7 |    38 |    37 ||    82
       Conjure Flame     |       |     1 |       ||     1
       Flame Wave        |       |       |     2 ||     2
       Call Canine Famil |       |       |     1 ||     1
  Use: Scroll            |     1 |     3 |     3 ||     7
       Potion            |       |       |     2 ||     2
 Stab: Sleeping          |     1 |       |       ||     1
Armor: Robe              |       |       |     2 ||     2
Dodge: Dodged            |     2 |    15 |    13 ||    30
